AoeStats
← Michi3052

Arena

505461195Analyzed
1v1 RM · 24d ago on Sep 9, 2026· 33m 23s· 2 players
Game mode
Random Map
Map size
Tiny (2 player)
Population
200
Speed
Normal
Resources
Standard
Victory
Conquest
Starting age
Dark Age
Ending age
Imperial Age
RankedLock teamsTeams togetherTeam positionsShared explorationLock speedFull tech treeHidden civsTurbo modeCheats
Victory
Defeat
🇪🇸 Turks · Spain
629
+18
🇺🇸 Jurchens · United States
672
-18
Michi3052
12:21 Feudal Age
15:45 Wheelbarrow
15:04 Double-Bit Axe
18:45 Castle Age
17:23 Horse Collar
22:06 Gold Mining
22:19 Heavy Plow
27:31 Imperial Age
25:59 Gold Shaft Mining
26:42 Hand Cart
29:06 Bow Saw
31:23 Padded Archer Armor
31:13 Fletching
phalanx8710
8:34 Loom
11:30 Feudal Age
13:51 Double-Bit Axe
14:35 Horse Collar
16:14 Wheelbarrow
16:53 Gold Mining
17:31 Town Watch
22:12 Castle Age
20:41 Fletching
22:19 Scale Mail Armor
22:23 Stone Mining
23:07 Bloodlines
23:06 Padded Archer Armor
22:54 Elite Skirmisher
23:53 Bow Saw
23:44 Pikeman
25:05 Heavy Plow
26:13 Squires
26:31 Crossbowman
29:29 Gold Shaft Mining
29:27 Treadmill Crane
30:11 Ballistics
30:57 Hand Cart
31:15 Bodkin Arrow
33:22 Leather Archer Armor
Connection lost

Rejoining the realm…

Still unreachable

The connection could not be restored.

Session expired

The server has moved on; the page needs a fresh start.